Map: Ascension vers Aïur EC

Players

WangFugui - Winner!

  • Race: Protoss Protoss
  • League: Platinum
  • Spawn Location: 5:00

zidar

  • Race: Zerg Zerg
  • League: Gold
  • Spawn Location: 11:00

VOD

Have the link to the VOD?

Description

Time

  • Played on: July 29, 2017, 10:47 a.m.
  • Length: 10:10
Show
View Real Time Build Order
Export as new Build Order

WangFugui Protoss - Winner!

Build Orders: Nexus First 

Get SALT Encoding   

  12  0:04  Probe (Chrono Boost)  
  13  0:15  Probe (Chrono Boost)  
  14  0:25  Probe (Chrono Boost), Pylon  
  15  0:43  Probe (Chrono Boost)  
  16  0:54  Probe (Chrono Boost)  
  17  1:03  Nexus  
  17  1:11  Probe (Chrono Boost)  
  18  1:18  Gateway  
  18  1:25  Assimilator  
  18  1:35  Gateway  
  18  1:41  Pylon  
  18  1:49  Probe (Chrono Boost)  
  19  1:55  Assimilator  
  19  1:59  Probe (Chrono Boost)  
  20  2:10  Probe (Chrono Boost)  
  20  2:13  Cybernetics Core  
  23  2:24  Probe x2 (Chrono Boost)  
  25  2:34  Pylon  
  25  2:41  Probe x2 (Chrono Boost)  
  25  2:51  Probe (Chrono Boost)  
  25  2:52  Probe (Chrono Boost), Adept x2 (Chrono Boost)  
  25  2:54  Warp Gate (Chrono Boost)  
  31  2:58  Pylon  
  31  3:06  Stargate  
  31  3:07  Probe  
  32  3:15  Probe  
  33  3:24  Adept x2 (Chrono Boost)  
  37  3:27  Mothership Core, Probe  
  37  3:31  Assimilator  
  40  3:39  Probe  
  41  3:43  Pylon  
  41  3:48  Probe  
  41  3:51  Probe  
  41  4:00  Probe  
  42  4:03  Oracle (Chrono Boost)  
  42  4:07  Probe  
  46  4:13  Probe  
  47  4:18  Pylon  
  47  4:20  Probe  
  48  4:25  Probe  
  49  4:32  Probe  
  49  4:37  Probe  
  51  4:38  Assimilator  
  51  4:44  Probe, Gateway  
  52  4:49  Probe  
  53  4:55  Oracle (Chrono Boost)  
  56  5:08  Gateway  
  56  5:09  Nexus  
  56  5:11  Pylon  
  56  5:13  Pylon  
  56  5:25  Probe  
  56  5:26  Probe  
  58  5:29  Phoenix (Chrono Boost)  
  60  5:38  Probe x2  
  60  5:40  Gateway x2  
  62  5:50  Probe x2  
  62  5:51  Phoenix (Chrono Boost)  
  66  6:02  Probe x2, Stalker x3  
  74  6:13  Phoenix (Chrono Boost)  
  74  6:16  Stalker  
  78  6:20  Probe x2  
  80  6:25  Pylon  
  80  6:30  Pylon  
  80  6:32  Probe  
  81  6:34  Phoenix (Chrono Boost)  
  81  6:39  Probe  
  83  6:40  Probe  
  83  6:44  Probe  
  86  6:48  Assimilator  
  86  6:49  Probe, Assimilator  
  86  6:52  Probe, Twilight Council  
  88  6:55  Robotics Facility  
  88  6:56  Probe  
  88  6:57  Forge  
  88  6:59  Pylon  
  88  7:00  Probe  
  89  7:02  Pylon  
  89  7:04  Probe  
  89  7:06  Phoenix (Chrono Boost)  
  93  7:10  Adept x2  
  93  7:13  Probe  
  93  7:15  Probe  
  99  7:16  Probe  
  100  7:24  Probe  
  100  7:25  Phoenix (Chrono Boost)  
  100  7:27  Probe  
  100  7:28  Probe  
  105  7:30  Gateway  
  105  7:31  Gateway  
  105  7:32  Blink (Chrono Boost)  
  105  7:34  Protoss Ground Weapons Level 1  
  105  7:58  Probe  
  105  7:59  Probe x2  
  105  8:03  Stalker  
  105  8:04  Stalker x5  
  120  8:08  Probe  
  120  8:11  Probe x2  
  123  8:20  Phoenix  
  125  8:32  Pylon  
  125  8:33  Pylon  
  125  8:36  Pylon  
  125  8:37  Pylon  
  125  8:41  Forge  
  125  8:47  Phoenix  
  125  8:53  Nexus  
  125  8:55  Pylon  
  127  8:57  Pylon x2  
  127  8:58  Pylon  
  127  9:00  Pylon  
  127  9:02  Observer  
  128  9:05  Photon Cannon  
  128  9:07  Photon Cannon  
  128  9:09  Photon Cannon  
  128  9:14  Stalker x5  
  128  9:15  Stalker x3  
  144  9:23  Observer  
  145  9:28  Probe x2  
  147  9:31  Assimilator  
  147  9:34  Gateway  
  147  9:35  Gateway  
  147  9:37  Gateway  
  147  9:55  Zealot  
  147  9:56  Zealot x6  
  147  9:57  Zealot  
Show
View Real Time Build Order
Export as new Build Order

zidar Zerg 

Build Orders: Hatch First 

Get SALT Encoding   

  12  0:01  Drone  
  13  0:12  Overlord  
  13  0:17  Drone  
  14  0:31  Drone x2  
  14  0:34  Drone  
  17  1:03  Hatchery  
  16  1:06  Drone  
  16  1:09  Extractor  
  16  1:10  Drone x2  
  18  1:19  Drone  
  19  1:34  Spawning Pool  
  19  1:35  Drone  
  22  2:08  Drone x3  
  22  2:13  Extractor  
  21  2:20  Overlord  
  21  2:21  Queen  
  23  2:25  Queen  
  25  2:31  Roach Warren  
  25  2:32  Drone  
  25  2:35  Drone  
  26  2:43  Drone x2  
  28  2:54  Drone x2  
  28  2:55  Drone  
  31  3:03  Queen  
  33  3:13  Roach  
  33  3:14  Zergling x2  
  36  3:41  Overlord x3  
  35  4:05  Roach x8  
  51  4:17  Drone x6  
  51  4:20  Overlord  
  57  4:42  Lair  
  57  4:56  Spore Crawler, Hatchery  
  57  4:59  Spore Crawler  
  54  5:14  Drone x3  
  54  5:15  Drone x7  
  54  5:17  Overlord  
  62  5:26  Drone  
  62  5:27  Drone  
  64  5:28  Drone  
  65  5:39  Extractor  
  65  5:41  Extractor  
  63  5:45  Queen  
  65  6:07  Hatchery  
  64  6:20  Ravager  
  60  6:34  Hydralisk Den  
  47  6:42  Evolution Chamber  
  47  6:43  Evolution Chamber  
  45  6:47  Roach x8  
  59  7:03  Drone x7  
  66  7:19  Drone x6  
  72  7:34  Muscular Augments, Glial Reconstitution  
  72  7:36  Zerg Missile Weapons Level 1  
  72  7:37  Zerg Ground Armor Level 1  
  66  8:13  Drone x4  
  66  8:14  Drone x2  
  70  8:26  Hydralisk  
  70  8:31  Overlord x7  
  72  8:53  Queen  
  74  8:57  Hydralisk x3  
  74  8:58  Hydralisk x3  
  74  8:59  Hydralisk x3  
  92  9:26  Drone x10  
Tags
 
Add a new tag
Caveats
  • Supply blocks, unpowered buildings, or Contaminate may cause inaccurate times.
  • Supply counts are checked every 10 seconds.